 Dungeon Crawl Stone Soup version 0.28-a0-10-g964c8b8 (webtiles) character file.

Game seed: 16168707958241238930

22684 Drago the Fighter (level 12, 0/113 HPs)
             Began as a Minotaur Fighter on July 25, 2021.
             Was a High Priest of Okawaru.
             Slain by a black mamba (7 damage)
             ... on level 2 of the Lair of Beasts.
             The game lasted 00:27:59 (16325 turns).

Drago the Fighter (Minotaur Fighter)               Turns: 16325, Time: 00:27:59

Health: 0/113      AC: 15    Str: 32    XL:     12   Next: 65%
Magic:  11/11      EV: 13    Int:  5    God:    Okawaru [*****.]
Gold:   727        SH: 14    Dex: 10    Spells: 11/11 levels left

rFire   + + +      SeeInvis .   A - +8 demon whip of Offence {pain, rF++}
rCold   . . .      Faith    .   c - +0 kite shield
rNeg    . . .      Spirit   .   n - +2 scale mail {rF+}
rPois   .          Reflect  .   M - +1 hat
rElec   .          Harm     .   x - +0 cloak
rCorr   .          Rampage  .   (no gloves)
Will    +....                   f - +1 pair of boots
Stlth   ..........              (no amulet)
HPRegen 0.28/turn               G - ring of willpower
MPRegen 0.12/turn               v - +6 ring of strength

@: no status effects
A: horns 2, retaliatory headbutt
a: Renounce Religion, Heroism, Finesse


You were on level 2 of the Lair of Beasts.
You worshipped Okawaru.
Okawaru was extremely pleased with you.
You visited 3 branches of the dungeon, and saw 15 of its levels.

You collected 727 gold pieces.

Inventory:

Hand Weapons
 a - a +0 war axe
 b - a +2 dagger of venom
 s - the +9 flail of Cowardice {freeze, rN++}
   (You found it on level 5 of the Dungeon)

   It freezes those it strikes, dealing additional cold damage.
   It can also slow down cold-blooded creatures.
   rN:        It greatly protects you from negative energy.
 A - the +8 demon whip of Offence (weapon) {pain, rF++}
   (Okawaru gifted it to you on level 10 of the Dungeon)

   In the hands of one skilled in necromantic magic, it inflicts extra damage on
   living creatures.
   rF:        It greatly protects you from fire.
Missiles
 i - 3 throwing nets
 l - 10 javelins
Armour
 c - a +0 kite shield (worn)
 f - a +1 pair of boots (worn)
 n - a +2 scale mail of fire resistance (worn)
 x - a +0 cloak (worn)
 M - a +1 hat (worn)
Jewellery
 t - a ring of poison resistance
 v - a +6 ring of strength (right hand)
 G - a ring of willpower (left hand)
 H - a ring of willpower
 J - a ring of protection from cold
 N - a ring of protection from fire
Wands
 h - a wand of acid (13) (quivered)
 q - a wand of digging (2)
 C - a wand of charming (5)
 K - a wand of iceblast (8)
 L - a wand of paralysis (10)
Scrolls
 r - a scroll of fog
 y - 4 scrolls of magic mapping
 z - 2 scrolls of teleportation
 B - a scroll of blinking
 E - a scroll of enchant weapon
 I - a scroll of identify
Potions
 d - 2 potions of might
 e - 9 potions of lignification
 g - 3 potions of brilliance
 j - 2 potions of flight
 k - 3 potions of curing
 m - a potion of mutation
 o - a potion of haste
 p - a potion of ambrosia
 u - a potion of resistance
 w - a potion of invisibility
 F - a potion of heal wounds


   Skills:
 + Level 12.5 Fighting
 + Level 12.3 Axes
 - Level 10.0 Armour
 - Level 10.0 Dodging
 + Level 12.5 Shields


You had 11 spell levels left.
You didn't know any spells.
Your spell library contained the following spells:

 Spells                   Type           Power      Damage    Failure   Level
 Magic Dart               Conj           0%         1d3       78%         1
 Shock                    Conj/Air       0%         1d3       78%         1
 Call Imp                 Summ           0%         N/A       89%         2
 Static Discharge         Conj/Air       0%         N/A       89%         2
 Gell's Gravitas          Tloc           0%         N/A       98%         3
 Lesser Beckoning         Tloc           0%         N/A       98%         3
 Mephitic Cloud           Conj/Pois/Air  0%         N/A       98%         3
 Swiftness                Air            0%         N/A       98%         3
 Teleport Other           Tloc           0%         N/A       98%         3
 Airstrike                Air            0%         N/A       100%        4
 Dispel Undead            Necr           0%         3d6       100%        4
 Sticky Flame             Conj/Fire      0%         2d3       100%        4
 Summon Forest            Summ/Tloc      0%         N/A       100%        5
 Eringya's Noxious Bog    Tmut/Pois      0%         N/A       100%        6
 Summon Hydra             Summ           0%         N/A       100%        7


Dungeon Overview and Level Annotations

Branches:
Dungeon (11/15)            Temple (1/1) D:6            Lair (3/6) D:9
  Snake (0/4) Lair:2
  Swamp: Lair:2-4    Shoals: Lair:2-4       Orc: D:9-12

Altars:
Ashenzari
Cheibriados
Dithmenos
Elyvilon
Fedhas
Gozag
Hepliaklqana
Kikubaaqudgha
Makhleb
Nemelex Xobeh
Okawaru
Qazlal
Ru
Sif Muna
Trog
Uskayaw
Vehumet
Wu Jian
Xom
Yredelemnul
Zin
The Shining One
Beogh

Shops:
D:2 (   D:8 [

Annotations:
Lair:2 Snorg
Lair:3 exclusion: oklob plant


Innate Abilities, Weirdness & Mutations

You have a pair of horns on your head.
You reflexively headbutt those who attack you in melee.


Message History

The black mamba closely misses you. You block Snorg's attack.
Snorg closely misses you. Snorg misses you.
You closely miss Snorg. You headbutt Snorg!
Snorg is moderately wounded.
The black mamba bites you!
You are poisoned.
The black mamba poisons you! You block Snorg's attack.
Snorg completely misses you. x2
You feel very sick. You block the black mamba's attack. Snorg misses you.
You block Snorg's attack. Snorg claws you.
You feel very sick. The black mamba barely misses you. You furiously retaliate!
You headbutt the black mamba!
You feel very sick. The black mamba bites you! You block Snorg's attack.
Snorg claws you but does no damage. Snorg claws you!
You feel very sick. The black mamba barely misses you. You furiously retaliate!
You headbutt the black mamba.
You feel sick.
Snorg rages.
Snorg bites you. You block Snorg's attack. Snorg misses you.
You feel sick. The black mamba bites you.
* * * LOW HITPOINT WARNING * * *
You are more poisoned.
The black mamba poisons you!
There is an escape hatch in the ceiling here.
You feel very sick. The black mamba bites you!
* * * LOW HITPOINT WARNING * * *
Snorg bites you!
* * * LOW HITPOINT WARNING * * *
You block Snorg's attack. Snorg misses you. The black mamba barely misses you.
You block Snorg's attack. Snorg misses you. Snorg barely misses you.
A mysterious force pulls you upwards. The hatch slams shut behind you.
* * * LOW HITPOINT WARNING * * *
You feel very sick.
You feel better. The black mamba bites you!
You die...

.P.# #..# #P.## ...# ##.## ##.#
#.## ### ##..##### ###..####
.#### #.####.'##.#.###P...P#P#
..#.## #............##........#
...+.###...........#.#........#
..⌠..P.#.............'........#
.....P.#...........+.#........#
..##...#........@S.###........#
.....P...........T.# #.P.#+.P.#
#..#####...........# #.##...###
#### ##+.######P## ####..## ##
#...#P.#### ##.#..# .###
#P......P# #P.#.P# ...#
#..#...P### ###...##
..########........# #P#+.####
....^.##.##.......####....<..###


You could see Snorg (berserk) and a black mamba.

Vanquished Creatures
  Gastronok (Lair:2)
  Harold (D:7)
  Fannar (Lair:2)
  A two-headed ogre (D:10)
  A cyclops (D:11)
  Maurice (D:8)
  2 black mambas (Lair:2)
  2 kobold demonologists (D:9)
  5 komodo dragons
  Maggie (D:7)
  2 trolls
  3 blink frogs (Lair:2)
  3 shadows (D:11)
  42 yaks
  8 vampire mosquitoes
  A basilisk (Lair:2)
  A steam dragon (D:9)
  7 water moccasins
  3 black bears
  An ice beast (D:8)
  A hornet zombie (D:8)
  3 orc warriors
  A necrophage (D:6)
  11 wolves
  5 ogres
  3 centaurs
  2 phantoms (D:6)
  2 kobold brigands (D:9)
  15 bullfrogs
  2 scorpions
  A water moccasin skeleton (D:4)
  5 killer bees (D:9)
  3 wights (D:9)
  An electric eel (D:8)
  2 howler monkeys
  4 centaur zombies
  2 hounds (D:6)
  2 orc priests
  Crazy Yiuf (D:7)
  5 jellies
  A centaur skeleton (D:4)
  4 iguanas
  2 orc wizards
  2 hound zombies (D:5)
  2 hound skeletons (D:4)
  3 howler monkey zombies
  A howler monkey skeleton (D:6)
  7 gnolls
  5 adders
  A shadow imp (D:8)
  A white imp (D:6)
  2 worms (D:3)
  2 dart slugs
  38 orcs
  8 bats
  3 endoplasms
  4 giant cockroaches
  6 goblins
  7 hobgoblins
  8 jackals
  13 kobolds
  5 quokkas
  12 ball pythons
  2 frilled lizards
  4 rats
301 creatures vanquished.

Vanquished Creatures (others)
  A black bear (D:4)
  A fungus (Lair:3)
  3 plants
5 creatures vanquished.

Grand Total: 306 creatures vanquished

Notes
Turn   | Place    | Note
-------+----------+-------------------------------------------
     0 | D:1      | Drago the Minotaur Fighter began the quest for the Orb.
     0 | D:1      | Reached XP level 1. HP: 19/19 MP: 0/0
   306 | D:1      | Reached XP level 2. HP: 27/27 MP: 1/1
   442 | D:1      | Found a faded altar of an unknown god.
   517 | D:1      | Reached skill level 1 in Dodging
   713 | D:1      | Reached XP level 3. HP: 28/33 MP: 2/2
  1107 | D:2      | Found Woiraynnao's Antique Weapon Shop.
  1818 | D:2      | Reached XP level 4. HP: 38/40 MP: 3/3
  3016 | D:4      | Noticed a black bear
  3017 | D:4      | Noticed an ogre
  3026 | D:3      | Reached XP level 5. HP: 41/47 MP: 4/4
  3085 | D:3      | Killed an ogre
  3218 | D:4      | Killed a black bear
  3219 | D:4      | Reached XP level 6. HP: 46/55 MP: 5/5
  3223 | D:4      | Reached skill level 5 in Fighting
  3223 | D:4      | Reached skill level 5 in Armour
  3223 | D:4      | Reached skill level 5 in Shields
  3546 | D:4      | Found a radiant altar of Vehumet.
  4066 | D:5      | Entered Level 5 of the Dungeon
  4073 | D:5      | Reached XP level 7. HP: 53/61 MP: 6/6
  4481 | D:5      | Found a blossoming altar of Fedhas.
  4499 | D:5      | Found a shimmering blue altar of Sif Muna.
  4586 | D:5      | Reached skill level 5 in Axes
  4629 | D:5      | Identified the +9 flail of Cowardice {freeze, rN++}
  5140 | D:6      | Reached XP level 8. HP: 67/70 MP: 7/7
  5192 | D:6      | Found a white marble altar of Elyvilon.
  5259 | D:6      | Found a snail-covered altar of Cheibriados.
  5492 | D:6      | Found a staircase to the Ecumenical Temple.
  5515 | D:6      | Reached skill level 5 in Dodging
  5523 | Temple   | Entered the Ecumenical Temple
  5575 | Temple   | Became a worshipper of Warmaster Okawaru
  5790 | D:6      | Found a glowing silver altar of Zin.
  5806 | D:6      | Found a hazy altar of Hepliaklqana.
  5806 | D:6      | Found a stormy altar of Qazlal.
  5817 | D:6      | Found a bloodstained altar of Trog.
  5820 | D:6      | Found a shadowy altar of Dithmenos.
  6042 | D:7      | Reached XP level 9. HP: 79/79 MP: 8/8
  6124 | D:7      | Found a broken altar of Ashenzari.
  6180 | D:7      | Noticed Maggie
  6185 | D:7      | Noticed Harold
  6193 | D:7      | Killed Maggie
  6193 | D:7      | Reached * piety under Okawaru
  6456 | D:7      | Found a runed translucent door.
  6457 | D:7      | Noticed Crazy Yiuf
  6467 | D:7      | Killed Crazy Yiuf
  6553 | D:7      | Killed Harold
  7799 | D:8      | Found Parchio's Armour Boutique.
  8344 | D:8      | Reached ** piety under Okawaru
  8665 | D:8      | Reached XP level 10. HP: 72/90 MP: 9/9
  9256 | D:8      | Noticed Maurice
  9272 | D:8      | Killed Maurice
  9544 | D:9      | Found a hide-covered altar of Uskayaw.
  9557 | D:9      | Reached *** piety under Okawaru
 10043 | D:9      | Found a staircase to the Lair.
 10064 | D:9      | Noticed a soul eater
 10323 | D:9      | Reached **** piety under Okawaru
 10847 | D:9      | Reached ***** piety under Okawaru
 10851 | D:9      | Reached XP level 11. HP: 96/99 MP: 10/10
 10982 | D:9      | Reached skill level 10 in Armour
 11228 | D:10     | Entered Level 10 of the Dungeon
 11298 | D:10     | Reached skill level 10 in Fighting
 11298 | D:10     | Reached skill level 10 in Shields
 11397 | D:10     | Found a glowing golden altar of the Shining One.
 11591 | D:10     | Noticed a two-headed ogre
 11596 | D:10     | Killed a two-headed ogre
 11768 | D:10     | Identified the +8 demon whip of Offence {pain, rF++}
                  | (Okawaru gifted it to you on level 10 of the Dungeon)
 11768 | D:10     | Received a gift from Okawaru
 11769 | D:10     | Reached skill level 10 in Axes
 12898 | Lair:1   | Entered Level 1 of the Lair of Beasts
 13569 | Lair:1   | Received a gift from Okawaru
 14210 | Lair:2   | Noticed Gastronok
 14221 | Lair:2   | Killed Gastronok
 14222 | Lair:2   | Reached XP level 12. HP: 59/110 MP: 11/11
 14413 | Lair:2   | Reached skill level 10 in Dodging
 14564 | Lair:2   | Noticed Fannar
 14579 | Lair:2   | Killed Fannar
 15396 | Lair:2   | Found a staircase to the Snake Pit.
 16309 | Lair:3   | Noticed Snorg
 16324 | Lair:2   | HP: 2/113 [poisoned by a black mamba]
 16325 | Lair:2   | Slain by a black mamba

Illustrated notes

Levels and vault maps discovered:
D:1:      psy_arrival_conway, layout_loops_corners,
          ebering_ecumenical_altar_rust
D:2:      layout_basic, serial_shops, shop_fountains
D:3:      layout_loops_cross
D:4:      layout_loops_ring, kennysheep_mini
D:5:      layout_loops_cross, fedhas_ov_isle_minmay, old_standard_altar
D:6:      layout_rooms, minmay_overflow_temple_star_hex,
          mainiacjoe_overflow_catch_the_wave, minmay_temple_entry_glass
D:7:      layout_layer_cave, mainiacjoe_overflow_brackets, uniq_maggie,
          uniq_crazy_yiuf_cottage, uniq_harold
D:8:      layout_basic, serial_shops, nicolae_inconvenience_store, special_room
          [special_room_orc], uniq_maurice
D:9:      layout_roguey, nicolae_uskayaw_murder_on_the_dancefloor,
          dpeg_oklobed_lair, minivault_5
D:10:     layout_gridville, tso_altar
D:11:     layout_irregular_city
Temple:   jpeg_temple_island
Lair:1:   layout_cellular_growth, st_stairs_4, infiniplex_staircase_pool
Lair:2:   layout_roguey, minmay_snake_entry_six_corridors, grunt_megastairs_5,
          uniq_fannar, uniq_gastronok
Lair:3:   cheibrodos_lair_river_kwai, layout_layer_cave, serial_bayou_shore_b,
          lemuel_fruit_fields, minmay_lair_oklob_chamber, grunt_megastairs_3,
          uniq_snorg

Skill      XL: |  1  2  3  4  5  6  7  8  9 10 11 12 |
---------------+-------------------------------------+-----
Dodging        | 1 2 3 4 5 6 8 9 10 | 10.0
Armour         | 4 5 6 7 8 9 10 | 10.0
Fighting       | 4 5 6 7 8 9 11 12 | 12.5
Shields        | 4 5 6 7 8 9 11 12 | 12.5
Axes           | 3 4 5 6 8 9 11 12 | 12.3

Action                   |  1- 3 |  4- 6 |  7- 9 | 10-12 || total
-------------------------+-------+-------+-------+-------++-------
Melee: War axe           |   100 |   120 |    33 |       ||   253
       Headbutt          |    10 |    20 |    40 |    98 ||   168
       Dagger            |       |     6 |       |       ||     6
       Flail             |       |       |   138 |   344 ||   482
       Unarmed           |       |       |       |     4 ||     4
       Demon whip        |       |       |       |   128 ||   128
Evoke: Wand              |       |       |     7 |     2 ||     9
  Use: Scroll            |       |     5 |    10 |     8 ||    23
       Potion            |       |       |     4 |     2 ||     6
 Stab: Confused          |       |       |       |     1 ||     1
Armor: Scale mail        |    55 |    53 |    72 |   173 ||   353
       Plate armour      |    12 |    39 |       |       ||    51
Dodge: Dodged            |    38 |    41 |    70 |   232 ||   381
Block: Kite shield       |    62 |    76 |   102 |   347 ||   587

Table legend: (Time is in decaauts)
 A = Elapsed time spent in this place.
 B = Non-inter-level travel time spent in this place.
 C = Inter-level travel time spent in this place.
 D = Time resting spent in this place.
 E = Time spent auto-exploring this place.
 F = Levels seen in this place.
 G = Mean time per level.
                   A        B        C        D        E       F      G
               +--------+--------+--------+--------+--------+-----+--------+
         Total |  16571 |  16119 |    452 |   1573 |  12250 |  15 | 1104.7 |
       Dungeon |  13050 |  12696 |    354 |   1573 |   9214 |  11 | 1186.4 |
        Temple |     92 |     53 |     39 |      0 |     36 |   1 |   92.0 |
          Lair |   3428 |   3369 |     59 |      0 |   3000 |   3 | 1142.7 |
               +--------+--------+--------+--------+--------+-----+--------+

Top non-repeatable levels by time:
     D:7: 2099 daAuts
  Lair:2: 1874 daAuts
     D:9: 1766 daAuts
     D:8: 1513 daAuts
  Lair:1: 1315 daAuts
     D:3: 1126 daAuts
     D:2: 1097 daAuts
     D:1: 1070 daAuts
    D:10: 1014 daAuts
     D:5: 1014 daAuts
     D:4: 897 daAuts
     D:6: 819 daAuts
    D:11: 630 daAuts
  Lair:3: 238 daAuts
  Temple: 92 daAuts
